 Dungeon Crawl Stone Soup version 0.20.0-8-g6b59dc7 (webtiles) character file.

888 Gorglomux the Firebug (level 7, 0/52 HPs)
             Began as a Centaur Fire Elementalist on May 30, 2017.
             Was an Initiate of Fedhas.
             Slain by a bullfrog (4 damage)
             ... on level 6 of the Dungeon.
             The game lasted 00:09:10 (6890 turns).

Gorglomux the Firebug (Centaur Fire Elementalist)   Turns: 6890, Time: 00:09:12

Health: 0/52       AC:  4    Str: 12    XL:     7   Next: 77%
Magic:  4/10       EV:  9    Int: 14    God:    Fedhas [......]
Gold:   173        SH:  0    Dex: 10    Spells: 0/10 levels left

rFire    + . .     SeeInvis .   J - +0 spear
rCold    . . .     Gourm    .   (no shield)
rNeg     . . .     Faith    .   a - +0 robe
rPois    .         Spirit   .   (no helmet)
rElec    .         Reflect  .   (no cloak)
rCorr    .         Harm     .   (no gloves)
MR       .....                  (no barding)
Stlth    +.........             (no amulet)
Regen    0.2/turn               f - ring of protection from fire
MPRegen  0.2/turn               (no ring)

@: very quick
A: hooves 3, deformed body, speed 2, tough skin 3
a: Fungal Bloom, Renounce Religion


You were on level 6 of the Dungeon.
You worshipped Fedhas.
Fedhas was noncommittal.
You were very hungry.

You visited 2 branches of the dungeon, and saw 6 of its levels.
You also visited: Ossuary.

You collected 173 gold pieces.

Inventory:

Hand Weapons
 e - a +0 whip
 J - a +0 spear (weapon)
Missiles
 F - 73 arrows
Armour
 a - a +0 robe (worn)
Jewellery
 f - a ring of protection from fire (left hand)
Wands
 D - a wand of digging (10/24)
 E - a wand of enslavement (6/24)
Scrolls
 y - a scroll of fear {unknown}
 A - a scroll of enchant weapon {unknown}
 I - a scroll of random uselessness {unknown}
 M - 2 scrolls of magic mapping
 O - a scroll of blinking {unknown}
 R - a scroll of identify
 T - a scroll of immolation {unknown}
 U - a scroll of recharging {unknown}
 X - a scroll of remove curse {unknown}
 Y - a scroll of vulnerability {unknown}
 Z - a scroll of teleportation {unknown}
Potions
 B - 2 potions of brilliance
 G - a potion of mutation {unknown}
 K - a potion of agility
 L - a potion of invisibility {unknown}
 N - 3 potions of lignification
 P - a potion of haste {unknown}
 Q - 4 potions of curing
 S - 2 potions of heal wounds {unknown}
 V - 2 potions of resistance
 W - a potion of ambrosia {unknown}
Books
 b - a book of Flames

   Spells                             Type                      Level
   a - Flame Tongue                   Conjuration/Fire             1
   b - Throw Flame                    Conjuration/Fire             2
   c - Conjure Flame                  Conjuration/Fire             3
   d - Inner Flame                    Hexes/Fire                   3
   e - Sticky Flame                   Conjuration/Fire             4
   f - Fireball                       Conjuration/Fire             5
 H - a book of Minor Magic

   Spells                             Type                      Level
   a - Magic Dart                     Conjuration                  1
   b - Blink                          Translocation                2
   c - Call Imp                       Summoning                    2
   d - Slow                           Hexes                        2
   e - Conjure Flame                  Conjuration/Fire             3
   f - Mephitic Cloud                 Conjuration/Poison/Air       3
Comestibles
 c - 6 bread rations
 z - 3 meat rations
 C - a royal jelly


   Skills:
 - Level 1.4 Fighting
 - Level 1.3 Polearms
 - Level 1.3 Dodging
 - Level 1.1 Stealth
 + Level 2.3 Spellcasting
 - Level 5.0 Conjurations
 - Level 6.0 Fire Magic


You couldn't memorise any spells.
You knew the following spells:

 Your Spells              Type           Power        Failure   Level  Hunger
a - Flame Tongue          Conj/Fire      ###..        2%          1    #......
b - Throw Flame           Conj/Fire      ###...       3%          2    ###....
c - Sticky Flame          Conj/Fire      ###.....     22%         4    #####..
j - Conjure Flame         Conj/Fire      ###.....     7%          3    ###....


Dungeon Overview and Level Annotations

Branches:
Dungeon (6/15)             Temple (1/1) D:6

Altars:
Ashenzari
Dithmenos
Elyvilon
Fedhas
Gozag
Hepliaklqana
Kikubaaqudgha
Okawaru
Qazlal
Ru
Uskayaw
Vehumet
Xom
Zin
The Shining One


Innate Abilities, Weirdness & Mutations

You have hooves in place of feet.
Armour fits poorly on your strangely shaped body.
You cover ground very quickly.
You have extremely tough skin. (AC +3)


Message History

Confirm with . or Enter, or press ? or * to list all spells.
Aiming: Flame Tongue
Press: ? - help, Shift-Dir - straight line, f/p - bullfrog
Aim: a bullfrog (almost dead)
The flame tongue misses the bullfrog.
The bullfrog hits you!
* * * LOW HITPOINT WARNING * * *
Unknown command.
Casting: Flame Tongue
Confirm with . or Enter, or press ? or * to list all spells.
Aiming: Flame Tongue
Press: ? - help, Shift-Dir - straight line, f/p - bullfrog
Aim: a bullfrog (almost dead)
The flame tongue hits the bullfrog.
The bullfrog is almost dead.
You are feeling very hungry.
The bullfrog hits you.
* * * LOW HITPOINT WARNING * * *
The bullfrog hits you.
You die...
Fedhas appreciates your contribution to the ecosystem.

#....#...##.........
#####....#........####+#
#........#........#.....
#....#####..>.....#.....
#....#............+.....
#....#.......##'###.....
#....#.###...#..........
######.#######.....#####
#.....@F....#.....# ..
#...........#.....# ..
#.....##....#.....# ..
#...[.# #+###.....# ##
#...... #.....# #......
#.....# #...... #.....#
#..... #.....# #.....#


You could see a bullfrog.

Vanquished Creatures
  2 ogres (D:5)
  A bullfrog (D:6)
  2 water moccasin zombies (Ossuary)
  A crimson imp (D:5)
  A jelly (D:5)
  A centaur skeleton (D:6)
  2 hounds (D:5)
  An orc priest (D:5)
  A bullfrog skeleton (D:5)
  Jessica (D:2)
  3 orc wizards (D:5)
  A worker ant (D:6)
  2 big kobold zombies (Ossuary)
  2 mummies (Ossuary)
  A howler monkey zombie (D:5)
  3 adders
  An ooze (D:2)
  4 adder zombies
  3 worms (D:2)
  3 dart slugs
  2 leopard geckos
  10 orcs (D:5)
  2 ball pythons (D:2)
  4 giant cockroaches
  A gnoll zombie (Ossuary)
  10 goblins
  2 hobgoblins
  4 jackals (D:2)
  4 kobolds
  A quokka (D:2)
  5 bats
  7 frilled lizards
  3 hobgoblin zombies (Ossuary)
  6 kobold zombies (Ossuary)
  A leopard gecko skeleton (D:5)
  4 orc zombies (Ossuary)
  5 rats
107 creatures vanquished.

Vanquished Creatures (others)
  An orc zombie (Ossuary)
1 creature vanquished.

Grand Total: 108 creatures vanquished

Notes
Turn   | Place    | Note
-------+----------+-------------------------------------------
     0 | D:1      | Gorglomux the Centaur Fire Elementalist began the quest for the Orb.
     0 | D:1      | Reached XP level 1. HP: 14/14 MP: 3/3
    12 | D:1      | Reached skill level 1 in Conjurations
   232 | D:1      | Reached skill level 3 in Fire Magic
   237 | D:1      | Reached XP level 2. HP: 15/20 MP: 1/4
   670 | D:1      | Learned a level 2 spell: Throw Flame
   810 | D:2      | Reached XP level 3. HP: 26/26 MP: 0/5
  1152 | D:2      | Noticed Jessica
  1158 | D:2      | Killed Jessica
  1522 | D:2      | Reached XP level 4. HP: 33/33 MP: 6/6
  1773 | D:2      | Learned a level 3 spell: Conjure Flame
  2361 | D:2      | Reached skill level 4 in Fire Magic
  2660 | D:3      | You fall through a shaft for 2 floors!
  2660 | D:5      | Entered Level 5 of the Dungeon
  2693 | D:5      | Reached skill level 3 in Conjurations
  2693 | D:5      | Reached XP level 5. HP: 38/38 MP: 2/7
  2848 | D:5      | Found a sand-covered staircase.
  2881 | Ossuary  | Entered an ossuary
  3858 | Ossuary  | Reached XP level 6. HP: 40/45 MP: 4/8
  4035 | Ossuary  | Reached skill level 5 in Fire Magic
  4247 | D:5      | Found an opulent altar of Gozag.
  4313 | D:5      | Found a glowing silver altar of Zin.
  4666 | D:5      | Reached XP level 7. HP: 3/50 MP: 0/9
  5271 | D:5      | Reached skill level 6 in Fire Magic
  5600 | D:5      | Reached skill level 1 in Fighting
  5600 | D:5      | Reached skill level 1 in Polearms
  5861 | D:6      | Learned a level 4 spell: Sticky Flame
  5888 | D:6      | Found a hide-covered altar of Uskayaw.
  5976 | D:6      | Found a staircase to the Ecumenical Temple.
  6104 | Temple   | Entered the Ecumenical Temple
  6544 | Temple   | Became a worshipper of Fedhas Madash
  6890 | D:6      | Slain by a bullfrog

Skill      XL: |  1  2  3  4  5  6  7 |
---------------+----------------------+-----
Conjurations   | 1 2 3 4 5 |  5.0
Fire Magic     | 3 4 5 6 |  6.0
Fighting       | 1 |  1.4
Polearms       | 1 |  1.3
Spellcasting   | 2 |  2.3
Dodging        | |  1.3
Stealth        | |  1.1

Action                   |  1- 3 |  4- 6 |  7- 9 || total
-------------------------+-------+-------+-------++-------
Melee: Whip              |    12 |       |       ||    12
       Kick              |     6 |    34 |     8 ||    48
       Unarmed           |     1 |       |       ||     1
       Spear             |    43 |   190 |    63 ||   296
 Cast: Flame Tongue      |    36 |    68 |    58 ||   162
       Throw Flame       |     3 |     2 |       ||     5
       Conjure Flame     |       |     6 |     1 ||     7
  Use: Scroll            |       |     5 |       ||     5
 Stab: Sleeping          |       |     1 |       ||     1
  Eat: Chunk             |     2 |     6 |     4 ||    12
       Royal jelly       |       |     1 |     1 ||     2
       Meat ration       |       |     1 |       ||     1
Armor: Robe              |    22 |    43 |    22 ||    87
Dodge: Dodged            |    22 |    68 |    35 ||   125
